AoeStats
← Moye Moye

QS Arena

503130580Analyzed
1v1 RM · 1mo ago on Aug 30, 2026· 36m 56s· 2 players
Game mode
Random Map
Map size
Tiny (2 player)
Population
200
Speed
Normal
Resources
Standard
Victory
Conquest
Starting age
Dark Age
Ending age
Imperial Age
RankedLock teamsTeams togetherTeam positionsShared explorationLock speedFull tech treeHidden civsTurbo modeCheats
Victory
Defeat
🇮🇳 Lithuanians · India
856
+16
🇹🇷 Mongols · Türkiye
846
-16
BULUT16
1:52 Loom
7:29 Feudal Age
14:30 Castle Age
24:35 Imperial Age
25:10 Town Watch
25:13 Double-Bit Axe
26:09 Husbandry
31:50 Fletching
34:21 Murder Holes
34:47 Ballistics
Moye Moye
7:07 Loom
9:12 Feudal Age
10:12 Double-Bit Axe
10:09 Horse Collar
16:39 Castle Age
15:00 Fletching
15:20 Town Watch
16:29 Padded Archer Armor
16:49 Forging
18:56 Wheelbarrow
18:34 Heavy Plow
20:41 Stone Mining
20:42 Gold Mining
21:11 Bow Saw
22:31 Hand Cart
23:10 Ballistics
22:31 Treadmill Crane
26:42 Elite Skirmisher
27:35 Pikeman
31:16 Imperial Age
29:09 Bodkin Arrow
29:30 Leather Archer Armor
29:50 Iron Casting
29:19 Scale Mail Armor
29:57 Fortified Wall
29:42 Murder Holes
31:34 Hand Cart
32:20 Conscription
31:27 Halberdier
32:08 Squires
33:02 Capped Ram
34:46 Tower Shields
37:20 Chemistry
36:31 Masonry
37:19 Bracer
37:34 Chain Mail Armor
Connection lost

Rejoining the realm…

Still unreachable

The connection could not be restored.

Session expired

The server has moved on; the page needs a fresh start.